 Dungeon Crawl Stone Soup version 0.29-a0-251-g80730f7218 (webtiles) character file.

Game seed: 11525712532740925859

4613 fragbeetle the Cleaver (level 10, 0/49 HPs)
             Began as a Vine Stalker Fighter on Mar 6, 2022.
             Was a Believer of Uskayaw.
             Slain by a large slime creature (19 damage)
             ... on level 10 of the Dungeon.
             The game lasted 00:15:33 (7966 turns).

fragbeetle the Cleaver (Vine Stalker Fighter)       Turns: 7966, Time: 00:15:34

Health: 0/49       AC: 13    Str: 27    XL:     10   Next: 42%
Magic:  0/17       EV: 12    Int: 10    God:    Uskayaw [**....]
Gold:   388        SH:  5    Dex: 14    Spells: 4/9 levels left

rFire   . . .      SeeInvis +   y - +3 war axe
rCold   . . .      Faith    .   c - +0 buckler
rNeg    . . .      Spirit   +   p - +0 chain mail
rPois   .          Reflect  .   v - +2 helmet
rElec   .          Harm     .   (no cloak)
rCorr   .          Rampage  .   H - +0 pair of gloves
Will    +....                   (no boots)
Stlth   ..........              (no amulet)
HPRegen 0.96/turn               I - ring "Dautuq" {Str+6 SInv}
MPRegen 0.15/turn               A - +4 ring of evasion

@: no status effects
A: fangs 3, regeneration 1, magic shield, antimagic bite, no potion heal 2
a: Renounce Religion, Stomp, Line Pass


You were on level 10 of the Dungeon.
You worshipped Uskayaw.
Uskayaw was aware of your devotion.
You visited 2 branches of the dungeon, and saw 11 of its levels.

You collected 388 gold pieces.

Inventory:

Hand Weapons
 a - a +2 vampiric whip
 b - a +4 shortbow of freezing
 y - a +3 war axe (weapon)
Missiles
 f - 5 poisoned darts (quivered)
 K - 5 curare-tipped darts
 N - a throwing net
Armour
 c - a +0 buckler (worn)
 p - a +0 chain mail (worn)
 t - a +0 scale mail
 v - a +2 helmet (worn)
 H - a +0 pair of gloves (worn)
 L - the +3 ring mail of Wochih {*Corrode rPois Int+3}
   (You found it on level 8 of the Dungeon)

   Int:       It affects your intelligence (+3).
   rPois:     It protects you from poison.
   *Corrode:  It may corrode you when you take damage.
Jewellery
 k - a ring of protection from cold
 A - a +4 ring of evasion (right hand)
 D - a ring of flight
 F - a +6 ring of intelligence
 I - the ring "Dautuq" (left hand) {Str+6 SInv}
   (You found it on level 6 of the Dungeon)

   [ring of strength]

   Str:       It affects your strength (+6).
   SInv:      It lets you see invisible.
 J - a ring of willpower
 Q - a +6 ring of intelligence
Wands
 u - a wand of flame (26)
 E - a wand of polymorph (3)
 R - a wand of mindburst (16)
Scrolls
 e - 3 scrolls of immolation {unknown}
 h - 2 scrolls of brand weapon {unknown}
 i - 5 scrolls of teleportation {unknown}
 l - 2 scrolls of vulnerability {unknown}
 o - 4 scrolls of noise {unknown}
 q - 6 scrolls of identify {unknown}
 r - a scroll of fog {unknown}
 w - 2 scrolls of silence {unknown}
 x - 2 scrolls of amnesia {unknown}
 C - a scroll of blinking {unknown}
 M - a scroll of torment {unknown}
 P - a scroll of holy word {unknown}
Potions
 d - 4 potions of might
 g - 2 potions of lignification {unknown}
 j - 5 potions of curing {unknown}
 m - 2 potions of heal wounds {unknown}
 n - a potion of degeneration {unknown}
 s - a potion of magic {unknown}
 z - a potion of haste {unknown}
 B - 2 potions of berserk rage {unknown}
 G - a potion of mutation {unknown}
 O - a potion of invisibility {unknown}


   Skills:
 - Level 3.8 Fighting
 - Level 10.0 Axes
 - Level 3.4 Armour
 - Level 3.8 Shields
 + Level 9.2 Invocations


You had 4 spell levels left.
You knew the following spells:

 Your Spells              Type           Power      Damage    Failure   Level
a - Irradiate             Conj/Tmut      0%         3d14      100%        5

Your spell library contained the following spells:

 Spells                   Type           Power      Damage    Failure   Level
 Shock                    Conj/Air       0%         1d3       96%         1
 Ensorcelled Hibernation  Hex/Ice        0%         N/A       99%         2
 Gell's Gravitas          Tloc           0%         N/A       100%        3
 Lesser Beckoning         Tloc           0%         N/A       100%        3
 Spider Form              Tmut/Pois      0%         N/A       100%        3
 Swiftness                Air            0%         N/A       100%        3
 Teleport Other           Tloc           0%         N/A       100%        3
 Airstrike                Air            0%         N/A       100%        4
 Anguish                  Hex/Necr       0%         N/A       100%        4
 Blade Hands              Tmut           0%         N/A       100%        5
 Dragon Form              Tmut           0%         N/A       100%        7


Dungeon Overview and Level Annotations

Branches:
Dungeon (10/15)            Temple (1/1) D:7            Lair (0/6) D:9
    Orc: D:9-12

Altars:
Ashenzari
Cheibriados
Dithmenos
Elyvilon
Fedhas
Gozag
Hepliaklqana
Kikubaaqudgha
Makhleb
Nemelex Xobeh
Okawaru
Qazlal
Ru
Sif Muna
Trog
Uskayaw
Vehumet
Wu Jian
Xom
Yredelemnul
Zin
The Shining One

Shops:
D:1 =

Annotations:
D:3 3 runed translucent doors, Esekla's ghost, amateur DjCA
D:5 exclusion: 2 downstairs
D:7 1 runed translucent door, 14MN0B0DY's ghost, novice MiBe


Innate Abilities, Weirdness & Mutations

You have razor-sharp teeth.
Your natural rate of healing is unusually fast.
When hurt, damage is shared between your health and your magic reserves.
Your bite disrupts and absorbs the magic of your enemies.
Potions cannot restore your health.


Message History

An orc and a slime creature come into view.
The orc shouts!
You hear a shout!
The orc moves out of view.
A slime creature comes into view.
An orc wizard comes into view. It is wielding a +0 dagger.
The orc wizard shouts!
You hear a shout! x2
An orc priest comes into view. It is wielding a +0 whip.
The orc wizard moves out of view.
A slime creature comes into view.
The slime creature moves out of view.
The slime creature hits you!
Two slime creatures merge to form a large slime creature.
You completely miss the large slime creature.
You slice the large slime creature!!
The large slime creature is lightly wounded.
Two slime creatures merge to form a very large slime creature.
You slash the very large slime creature!
You bite the very large slime creature, but do no damage.
The very large slime creature is lightly wounded.
You slice the very large slime creature!!
Your bite misses the very large slime creature.
The very large slime creature is moderately wounded.
A very large slime creature splits.
You slash the large slime creature!
Your bite misses the large slime creature.
The large slime creature is heavily wounded.
You hit the slime creature. The large slime creature hits you!!
The slime creature hits you!
You can now pass through a line of other dancers.
You are too injured to fight recklessly!
You are too injured to fight recklessly!
You are too injured to fight recklessly!
Unknown command.
You are too injured to fight recklessly!
You are too injured to fight recklessly!
You slash the large slime creature!
The large slime creature is heavily wounded.
You slash the slime creature! You closely miss the orc.
The orc closely misses you. The large slime creature hits you!!
You die...

..................#+###
######...........#
#.######....# #.#
#....# +.# #....#
######.# ....# #......#
#......######..
###.o@.........
#.JJ.........
#.########... #J# . #.#
#J# #.# #J# o.#


You could see a large slime creature, 2 slime creatures and an orc.

Vanquished Creatures
  A gargoyle (D:8)
  A hornet (D:7)
  A vampire (D:7)
  A shadow (D:9)
  A wraith (D:6)
  2 yaks (D:9)
  An ice beast (D:8)
  A sky beast (D:6)
  2 ogres
  3 orc warriors
  2 centaurs
  2 kobold brigands
  5 bullfrogs
  A gnoll sergeant (D:9)
  6 scorpions
  A necrophage (D:4)
  10 wights
  5 killer bees (D:9)
  A howler monkey (D:5)
  5 orc priests
  A gnoll shaman (D:9)
  4 hounds
  A jelly (D:4)
  Jessica (D:2)
  2 iguanas (D:4)
  3 orc wizards
  24 gnolls
  8 adders
  A white imp (D:5)
  3 worms
  5 dart slugs
  18 orcs
  6 ball pythons
  7 endoplasms
  4 giant cockroaches
  6 goblins
  3 hobgoblins
  7 quokkas
  4 bats
  4 frilled lizards
  20 kobolds
  6 rats
190 creatures vanquished.

Vanquished Creatures (others)
  6 fungi
  5 plants
11 creatures vanquished.

Grand Total: 201 creatures vanquished

Notes
Turn   | Place    | Note
-------+----------+-------------------------------------------
     0 | D:1      | fragbeetle the Vine Stalker Fighter began the quest for the
                  | Orb.
     0 | D:1      | Reached XP level 1. HP: 11/11 MP: 2/2
    94 | D:1      | Found a faded altar of an unknown god.
   137 | D:1      | Found Netimoku's Jewellery Emporium.
   150 | D:1      | Reached skill level 2 in Axes
   150 | D:1      | Reached XP level 2. HP: 15/16 MP: 3/3
   564 | D:1      | Reached XP level 3. HP: 20/20 MP: 4/4
  1745 | D:2      | Noticed Jessica
  1753 | D:2      | Killed Jessica
  1754 | D:2      | Gained mutation: Your natural rate of healing is unusually
                  | fast. [Vine Stalker growth]
  1754 | D:2      | Reached XP level 4. HP: 24/24 MP: 5/5
  2168 | D:3      | You fall into a shaft and drop 2 floors!
  2168 | D:5      | Entered Level 5 of the Dungeon
  2300 | D:4      | Reached XP level 5. HP: 21/28 MP: 4/6
  2437 | D:4      | Reached skill level 3 in Axes
  2437 | D:4      | Reached XP level 6. HP: 33/33 MP: 7/7
  2774 | D:3      | Reached skill level 4 in Axes
  2977 | D:3      | Found a runed translucent gate.
  2977 | D:3      | Found a runed translucent gate.
  2980 | D:3      | Found a runed translucent gate.
  2982 | D:3      | Noticed Esekla's ghost (amateur DjCA)
  3289 | D:3      | Found a radiant altar of Vehumet.
  3515 | D:4      | Reached XP level 7. HP: 37/37 MP: 8/8
  3812 | D:5      | Reached skill level 5 in Axes
  4079 | D:5      | Found a sacrificial altar of Ru.
  4153 | D:5      | Reached skill level 6 in Axes
  4262 | D:5      | Gained mutation: You have razor-sharp teeth. [Vine Stalker
                  | growth]
  4262 | D:5      | Reached XP level 8. HP: 14/42 MP: 5/9
  4366 | D:5      | Reached skill level 7 in Axes
  4561 | D:5      | Found a broken altar of Ashenzari.
  4565 | D:5      | Saw a vision of the Swamp and the Spider Nest.
  4565 | D:5      | Noticed a will-o-the-wisp
  4566 | D:5      | Noticed a hornet
  4687 | D:6      | Noticed a wraith
  4706 | D:6      | Killed a wraith
  4755 | D:6      | Noticed a two-headed ogre
  4791 | D:5      | Reached skill level 8 in Axes
  5166 | D:6      | Identified the ring "Dautuq" {Str+6 SInv}
  5198 | D:7      | Noticed 14MN0B0DY's ghost (novice MiBe)
  5201 | D:7      | Found a runed translucent door.
  5209 | D:7      | Noticed a vampire
  5224 | D:7      | Killed a vampire
  5249 | D:7      | Found a staircase to the Ecumenical Temple.
  5249 | D:7      | Noticed a hornet
  5256 | D:7      | Killed a hornet
  5257 | D:7      | Reached skill level 9 in Axes
  5279 | Temple   | Entered the Ecumenical Temple
  5298 | Temple   | Became a worshipper of Uskayaw the Reveller
  5468 | D:7      | Reached * piety under Uskayaw
  5469 | D:7      | Reached XP level 9. HP: 44/45 MP: 10/10
  5607 | D:7      | Reached ** piety under Uskayaw
  5610 | D:7      | Reached *** piety under Uskayaw
  6164 | D:8      | Reached skill level 10 in Axes
  6165 | D:8      | Reached skill level 1 in Invocations
  6165 | D:8      | Reached **** piety under Uskayaw
  6234 | D:8      | Noticed a gargoyle
  6236 | D:8      | Identified the +3 ring mail of Wochih {*Corrode rPois
                  | Int+3}
  6249 | D:8      | Killed a gargoyle
  6363 | D:8      | Reached skill level 5 in Invocations
  7087 | D:9      | Reached ***** piety under Uskayaw
  7097 | D:9      | Reached XP level 10. HP: 49/49 MP: 16/16
  7101 | D:9      | Reached ****** piety under Uskayaw
  7319 | D:9      | Identified the +0 robe "Catwej" {*Slow Str+5}
  7431 | D:9      | Found a blossoming altar of Fedhas.
  7433 | D:9      | Found a sparkling altar of Nemelex Xobeh.
  7639 | D:9      | Found an ancient bone altar of Kikubaaqudgha.
  7765 | D:9      | Found a staircase to the Lair.
  7872 | D:9      | Learned a level 5 spell: Irradiate
  7928 | D:10     | Entered Level 10 of the Dungeon
  7966 | D:10     | Slain by a large slime creature

Illustrated notes

Levels and vault maps discovered:
D:1:      nicolae_arrival_washed_ashore, layout_loops_cross,
          nicolae_ecumenical_snake_handling, serial_shops, shop_fountains,
          minmay_misc_feat_plants, corexii_leaking_fountain,
          dreamdust_princess_bridge, minmay_bisected
D:2:      layout_loops_cross, serial_forest, infiniplex_forest_straight_5,
          infiniplex_forest_end_3, infiniplex_forest_straight_2,
          infiniplex_forest_straight_2, infiniplex_forest_lined_corner,
          infiniplex_forest_lined_room_2, infiniplex_forest_clump_medium,
          infiniplex_forest_lined_3, hangedman_glass_teeth, uniq_jessica
D:3:      minmay_octagon_keep, layout_loops_ring, vehumet_altar_wand_db,
          gammafunk_ghost_necromancy, st_stairs_6
D:4:      layout_basic
D:5:      layout_loops_corners, nicolae_ru_sacrificial_ziggurat,
          grunt_ashenzari_visionary [grunt_ashenzari_visionary_swamp,
          grunt_ashenzari_visionary_spider]
D:6:      layout_loops_ring, kennysheep_donut, nrook_mini_vaults
D:7:      layout_basic, minmay_temple_entry_mist, hellmonk_ghost_happy_afterlife
D:8:      layout_cave_pods, chequers_serial_rivers_micro_d
D:9:      layout_loops_ring, mainiacjoe_overflow_six_doors_small,
          nicolae_overflow_hidden_temple, grunt_lair_entry_orc_guard_hut
D:10:     layout_irregular_city, hiddenorc2_lemuel
Temple:   nicolae_temple_elliptical

Skill      XL: |  1  2  3  4  5  6  7  8  9 10 |
---------------+-------------------------------+-----
Axes           | 2 3 4 6 9 10 | 10.0
Fighting       | 3 |  3.8
Shields        | 3 |  3.8
Armour         | 3 |  3.4
Invocations    | 7 9 |  9.2

Action                   |  1- 3 |  4- 6 |  7- 9 | 10-12 || total
-------------------------+-------+-------+-------+-------++-------
Melee: War axe           |    16 |       |   144 |    94 ||   254
       Bite              |    18 |    44 |    69 |    21 ||   152
       Whip              |    56 |   177 |   125 |       ||   358
Throw: Dart              |       |       |     9 |       ||     9
       Throwing net      |       |       |     1 |       ||     1
Evoke: Wand              |       |     2 |     2 |       ||     4
 Stab: Paralysed         |       |       |    10 |     8 ||    18
Armor: Scale mail        |    19 |    12 |       |       ||    31
       Chain mail        |       |    62 |    95 |    27 ||   184
Dodge: Dodged            |    32 |    45 |    76 |    50 ||   203
Block: Buckler           |     5 |    32 |    50 |    16 ||   103

Table legend: (Time is in decaauts)
 A = Elapsed time spent in this place.
 B = Non-inter-level travel time spent in this place.
 C = Inter-level travel time spent in this place.
 D = Time resting spent in this place.
 E = Time spent auto-exploring this place.
 F = Levels seen in this place.
 G = Mean time per level.
                   A        B        C        D        E       F      G
               +--------+--------+--------+--------+--------+-----+--------+
         Total |   8000 |   7574 |    426 |    305 |   5551 |  11 |  727.3 |
       Dungeon |   7849 |   7433 |    416 |    305 |   5429 |  10 |  784.9 |
        Temple |    150 |    140 |     10 |      0 |    122 |   1 |  150.0 |
               +--------+--------+--------+--------+--------+-----+--------+

Top non-repeatable levels by time:
     D:5: 1080 daAuts
     D:2: 1080 daAuts
     D:1: 1064 daAuts
     D:8: 949 daAuts
     D:3: 890 daAuts
     D:9: 871 daAuts
     D:7: 769 daAuts
     D:4: 679 daAuts
     D:6: 426 daAuts
  Temple: 150 daAuts
    D:10: 37 daAuts
